[Event "Live Chess"]
[Site "Chess.com"]
[Date "2023.05.21"]
[Round "-"]
[White "Brooms1989"]
[Black "JackCheetham1"]
[Result "1-0"]
[WhiteElo "1124"]
[BlackElo "1688"]
[TimeControl "300"]
[EndTime "3:03:06 PDT"]
[Termination "Brooms1989 won on time"]

1. e4 c5 2. Nc3 d6 3. f4 Nf6 4. Nf3 Bg4 5. h3 Bxf3 6. Qxf3 Nc6 7. d3 Nd4 8. Qd1 e6 9. Ne2 Be7 10. Nxd4 cxd4 11. Be2 O-O 12. O-O Qb6 13. Kh1 h6 14. Qe1 Rac8 15. e5 dxe5 16. fxe5 Nd5 17. Qg3 Kh8 18. Bd1 Ne3 19. Bxe3 dxe3 20. b3 Qd4 21. Bf3 Rxc2 22. Bxb7 Qxd3 23. Rfd1 Rd2 24. Rxd2 Qxd2 25. Qe1 Rd8 26. Bf3 Bb4 27. Qxd2 exd2 28. Rd1 Rc8 29. Kh2 Rc1 30. Kg3 Bc3 31. Kf2 f6 32. exf6 gxf6 33.
Ke2 Rxd1 34. Kxd1 e5 35. Kc2 Ba5 36. Bd1 f5 37. Kd3 e4+ 38. Ke3 Kg7 39. a3 Bc3 40. b4 Kf6 41. b5 Ke5 42. a4 f4+ 43. Ke2 e3 44. h4 Ke4 45. h5 Bb4 46. Bc2+ Ke5 47.
Bd1 Kd4 48. Bc2 Ba5 49. Bb3 Bb6 50. Bd1 Kc3 51. a5 Kb2 52. axb6 Ka3 53. b7 1-0

[Event "Live Chess"]
[Site "Chess.com"]
[Date "2023.05.21"]
[Round "-"]
[White "smoggyrabbit"]
[Black "TKDRyan"]
[Result "1-0"]
[WhiteElo "1707"]
[BlackElo "1130"]
[TimeControl "300"]
[EndTime "3:03:11 PDT"]
[Termination "smoggyrabbit won by resignation"]

1. d4 d5 2. Nf3 Nc6 3. e3 Nf6 4. Nbd2 Bf5 5. Nh4 Bg6 6. Nxg6 hxg6 7. Bd3 e6 8. O-O a6 9. Nf3 Qd6 10. b3 Nb4 11. Bb2 Nxd3 12. Qxd3 Ng4 13. h3 Nf6 14. c4 dxc4 15. bxc4 O-O-O 16. c5 Qc6 17. Ne5 Qe8 18. c6 Nd5 19. cxb7+ Kxb7 20. Rab1 Nb6 21. Bc3 Rd6 22. Nc4 Rc6 23. Na5+ Ka7 24. Nxc6+ Qxc6 25. Rfc1 Qa4 26. Be1 Ba3 27. Rxc7+ Kb8 28. Rxf7 Qa5 29. Bxa5 1-0

[Event "Live Chess"]
[Site "Chess.com"]
[Date "2023.05.21"]
[Round "-"]
[White "Geomorph"]
[Black "raminguy"]
[Result "0-1"]
[WhiteElo "1271"]
[BlackElo "1956"]
[TimeControl "300"]
[EndTime "3:03:12 PDT"]
[Termination "raminguy won by resignation"]

1. e4 e5 2. Nf3 Nc6 3. Bc4 Bc5 4. O-O Nf6 5. d4 Bxd4 6. Nxd4 Nxd4 7. f4 d6 8. c3 Nc6 9. f5 h6 10. Qe2 O-O 11.
Nd2 d5 12. Bb3 dxe4 13. Nxe4 Nxe4 14. Qxe4 Qf6 15. Be3 Rd8 16. Rad1 Rxd1 17. Bxd1 Bd7 18. Bc2 Rd8 19. Rd1 Be8 20. Rxd8 Nxd8 21. Bxa7 b6 22. Bb8 Qd6 23. h3 Nc6 24. Ba4 Bd7 25. Bxc6 Bxc6 26. Qc4 e4 27. Qd4 Qe7 28. b4 e3 29. Kf1 Bxg2+ 30.
Ke2 Bxh3 31. Qxe3 Bg4+ 32. Kd2 Qd8+ 33. Qd3 Qxb8 34. Kc2 Qc8 35. Kb3 Bxf5 36. Qb5 Be6+ 37. Ka3 Qa8+ 38. Kb2 Qxa2+ 0-1

[Event "Live Chess"]
[Site "Chess.com"]
[Date "2023.05.21"]
[Round "-"]
[White "domrobson"]
[Black "seasidecastle27"]
[Result "0-1"]
[WhiteElo "1707"]
[BlackElo "1892"]
[TimeControl "300"]
[EndTime "3:03:20 PDT"]
[Termination "seasidecastle27 won by resignation"]

1. d4 d5 2. c4 e6 3. Nf3 c6 4. Nc3 f5 5. Bf4 Nf6 6. e3 Bd6 7.
Bxd6 Qxd6 8. Bd3 Nbd7 9. O-O O-O 10. Rc1 Ne4 11. Ne1 Ndf6 12. f3 Nxc3 13. Rxc3 Bd7 14. f4 Rac8 15. Qb3 b6 16. cxd5 Nxd5 0-1

[Event "Live Chess"]
[Site "Chess.com"]
[Date "2023.05.21"]
[Round "-"]
[White "Ferrarifan27"]
[Black "VovaOvchar1990"]
[Result "1-0"]
[WhiteElo "2109"]
[BlackElo "1226"]
[TimeControl "300"]
[EndTime "3:03:41 PDT"]
[Termination "Ferrarifan27 won by checkmate"]

1. e4 e5 2. Nf3 Nc6 3. Bb5 Bc5 4. O-O d6 5. c3 a6 6. Ba4 Bd7 7. d4 exd4 8. cxd4 Ba7 9. Nc3 Nf6 10. Bg5 O-O 11. e5 h6 12. Bh4 dxe5 13. dxe5 Bg4 14. exf6 Qxd1 15. Raxd1 Bxf3 16. gxf3 g5 17. Bxc6 bxc6 18.
Bg3 Rfe8 19. Bxc7 Rac8 20. Bd6 Re6 21. Be7 Kh7 22. Rd7 Bc5 23. Bxc5 Rxf6 24. Kg2 Rg8 25. Re1 g4 26. f4 Rxf4 27. Ree7 Kg6 28. Be3 Rf3 29.
Rd6+ Kh5 30. Rxh6# 1-0

[Event "Live Chess"]
[Site "Chess.com"]
[Date "2023.05.21"]
[Round "-"]
[White "apl_trainer"]
[Black "CeladonFish"]
[Result "1-0"]
[WhiteElo "1768"]
[BlackElo "1073"]
[TimeControl "300"]
[EndTime "3:03:54 PDT"]
[Termination "apl_trainer won by resignation"]

1. d4 Nf6 2. c4 g6 3. Nc3 Bg7 4. e4 c6 5. e5 Nh5 6. g4 d6 7.
gxh5 gxh5 8. Qxh5 dxe5 9. dxe5 Na6 10. Bf4 Nb4 11. Rc1 Be6 12. Nf3 Qd7 13. Ng5 Rd8 14.
Nxe6 Qxe6 15. b3 Qd7 16. Rg1 Nd3+ 17. Bxd3 Qxd3 18. Rxg7 1-0

[Event "Live Chess"]
[Site "Chess.com"]
[Date "2023.05.21"]
[Round "-"]
[White "Bakunian2022"]
[Black "KeithArkell"]
[Result "0-1"]
[WhiteElo "760"]
[BlackElo "2495"]
[TimeControl "300"]
[EndTime "3:03:55 PDT"]
[Termination "KeithArkell won by resignation"]

1. e4 c6 2. Nf3 d5 3. exd5 cxd5 4. Bd3 Nf6 5. O-O Nc6 6. b3 Bg4 7. Bb2 e6 8. h3 Bxf3 9. Qxf3 Bd6 10. Bb5 O-O 11. d3 Rc8 12. Bxc6 Rxc6 13. Qe2 b5 14. Nd2 b4 15. Rfc1 Qe7 16. a4 Rfc8 17. Bxf6 Qxf6 18. Qd1 Rxc2 19. Rxc2 Rxc2 20. Rc1 Rxc1 21. Qxc1 Qc3 22.
Qxc3 bxc3 23. Nf3 c2 0-1

[Event "Live Chess"]
[Site "Chess.com"]
[Date "2023.05.21"]
[Round "-"]
[White "FMOlexandrProhorov"]
[Black "JoshMcK"]
[Result "1-0"]
[WhiteElo "2182"]
[BlackElo "1508"]
[TimeControl "300"]
[EndTime "3:03:58 PDT"]
[Termination "FMOlexandrProhorov won by resignation"]

1. c4 Nf6 2. Nc3 g6 3. d4 Bg7 4. Nf3 O-O 5. e4 d6 6. Be2 Nbd7 7. O-O c5 8. Re1 cxd4 9. Nxd4 Nc5 10. Bf1 a6 11. f3 Qc7 12. Be3 Ne6 13. Rc1 Nxd4 14. Bxd4 Bd7 15. Nd5 Nxd5 16. Bxg7 Kxg7 17. exd5 Qc5+ 18.
Kh1 Kg8 19. Rxe7 Bf5 20. Bd3 Bxd3 21. Qxd3 b5 22. b3 Rac8 23. h4 b4 24. Rce1 a5 25. h5 Qf2 26. hxg6 Qh4+ 27. Kg1 hxg6 28. Qe4 Qxe4 29.
R1xe4 Kg7 30. Ra7 Ra8 31. Ree7 Kf6 32. Kf2 Rxa7 33. Rxa7 Re8 34. Rxa5 1-0

[Event "Live Chess"]
[Site "Chess.com"]
[Date "2023.05.21"]
[Round "-"]
[White "Berdgross"]
[Black "TheSmoulderingMaster"]
[Result "0-1"]
[WhiteElo "663"]
[BlackElo "1709"]
[TimeControl "300"]
[EndTime "3:04:11 PDT"]
[Termination "TheSmoulderingMaster won by checkmate"]

1. e4 c5 2. d3 Nc6 3. Nf3 e6 4. Nc3 Nf6 5. Be2 d5 6. O-O Bd6 7. e5 Nxe5 8. Nxe5 Bxe5 9. Nb5 a6 10. Na3 Qc7 11. Bg5 Bxh2+ 12. Kh1 Be5 13. Bxf6 Bxf6 14.
g3 Bd8 15. d4 c4 16. b3 b5 17.
bxc4 bxc4 18. c3 h5 19. Bf3 h4 20. g4 e5 21. dxe5 Bb7 22. Re1 O-O 23. e6 fxe6 24. Rxe6 Qf4 25. Re1 Bc7 26. Kg1 Qh2+ 27. Kf1 d4 28. Qxd4 Rxf3 29. Nxc4 Raf8 30. Nd2 Rxf2+ 31. Qxf2 Qxf2# 0-1

[Event "Live Chess"]
[Site "Chess.com"]
[Date "2023.05.21"]
[Round "-"]
[White "Cimon"]
[Black "LiamBellwood"]
[Result "1-0"]
[WhiteElo "1849"]
[BlackElo "1956"]
[TimeControl "300"]
[EndTime "3:04:28 PDT"]
[Termination "Cimon won by resignation"]

1. d4 e6 2. c4 d5 3. g3 Nf6 4.
Bg2 c5 5. cxd5 exd5 6. dxc5 Bxc5 7. Nf3 Be6 8. O-O h6 9. Nc3 Nc6 10. a3 O-O 11. b4 Bd6 12. Bb2 Qd7 13. Re1 Bh3 14. Bh1 Ne7 15. Qb3 Be6 16. Nd4 Rac8 17. Rac1 Be5 18. e3 Rc4 19. Nce2 Rfc8 20. Rxc4 dxc4 21. Qc2 Bb8 22. Rd1 Rd8 23. Nc3 Nf5 24.
Nxf5 Qe7 25. Nxe7+ 1-0

[Event "Live Chess"]
[Site "Chess.com"]
[Date "2023.05.21"]
[Round "-"]
[White "wadsy27"]
[Black "Greenbecker"]
[Result "1-0"]
[WhiteElo "2556"]
[BlackElo "1645"]
[TimeControl "300"]
[EndTime "3:04:38 PDT"]
[Termination "wadsy27 won by resignation"]

1. c4 e6 2. g3 d5 3. Bg2 Nf6 4. Nf3 Bc5 5. O-O O-O 6. d4 Be7 7. Nc3 c6 8. b3 Nbd7 9. Bb2 Re8 10. Nd2 Qa5 11. e4 dxe4 12. Ndxe4 Ba3 13. Bxa3 Qxa3 14. c5 Nxe4 15. Nxe4 Rd8 16. Nd6 b6 17. Bxc6 Rb8 18.
Qf3 f6 19. Nc4 Qb4 20. a3 1-0

[Event "Live Chess"]
[Site "Chess.com"]
[Date "2023.05.21"]
[Round "-"]
[White "MarkLim1"]
[Black "Ian-Morley"]
[Result "0-1"]
[WhiteElo "1707"]
[BlackElo "1073"]
[TimeControl "300"]
[EndTime "3:04:54 PDT"]
[Termination "Ian-Morley won by checkmate"]

1. d4 e5 2. dxe5 Nc6 3. Nf3 Qe7 4. Bf4 Qb4+ 5. Bd2 Qxb2 6. Bc3 Bb4 7. Bxb4 Nxb4 8. e3 Nxc2+ 9. Kd2 Nxa1+ 10. Kd3 Qb5+ 11. Ke4 f5+ 12. Kxf5 g6+ 13. Kf4 Qb4+ 14. Kg3 h5 15. Nbd2 h4+ 16. Kh3 d6+ 17. g4 Qxg4# 0-1

[Event "Live Chess"]
[Site "Chess.com"]
[Date "2023.05.21"]
[Round "-"]
[White "toxic_rabbit"]
[Black "nigelst"]
[Result "1-0"]
[WhiteElo "1988"]
[BlackElo "1706"]
[TimeControl "300"]
[EndTime "3:05:16 PDT"]
[Termination "toxic_rabbit won on time"]

1. e4 c6 2. d4 d5 3. exd5 cxd5 4.
Nf3 Nf6 5. c4 Nc6 6. Nc3 Bg4 7.
Bf4 e6 8. cxd5 Nxd5 9. Be3 Bb4 10. Qd3 Bxf3 11. gxf3 Qa5 12. Bd2 O-O 13. Rg1 Qb6 14.
Be3 Bxc3+ 15. bxc3 Qb2 16. Rc1 Qxa2 17. Bh6 g6 18. h4 Nce7 19. h5 Nf5 20. Bxf8 Rxf8 21. hxg6 fxg6 22. Bh3 Nf4 23. Qf1 Qb2 24. Kd1 Rc8 25.
Bxf5 exf5 26. Qe1 Nd3 27. Qe6+ Kg7 28. Qd7+ Kf6 29. Rc2 Nxf2+ 30. Kd2 Qb6 31. Qxc8 Qd6 32. Qh8+ Kf7 33. Qe5 1-0

[Event "Live Chess"]
[Site "Chess.com"]
[Date "2023.05.21"]
[Round "-"]
[White "CarlsenCab"]
[Black "peter-785"]
[Result "0-1"]
[WhiteElo "519"]
[BlackElo "1189"]
[TimeControl "300"]
[EndTime "3:05:19 PDT"]
[Termination "peter-785 won by checkmate"]

1. d4 d5 2. Bf4 c6 3. Nf3 e6 4. e3 Nf6 5. Bd3 Be7 6. c3 O-O 7. O-O c5 8. dxc5 Bxc5 9. Nbd2 Nbd7 10. a3 a6 11. Qb3 b5 12. Ne5 Nxe5 13. Bxe5 Be7 14.
Bxf6 Bxf6 15. Nf3 h6 16. h3 Bb7 17. a4 Qc7 18. axb5 a5 19. b6 Qc5 20. Ra4 Rfc8 21. Rf4 e5 22. Ra4 e4 23. Bxe4 dxe4 24. Rc4 Qf8 25. Rxe4 Bxe4 26. Rd1 Rab8 27. Rd4 Bxd4 28.
cxd4 Bxf3 29. gxf3 Qd6 30. f4 Qxb6 31. Qxb6 Rxb6 32.
d5 Rxb2 33. f5 a4 34. e4 a3 35. d6 Rd8 36. e5 a2 37. e6 fxe6 38. fxe6 Rxd6 39. e7 Re6 40. Kg2 Rxe7 41. h4 Ree2 42. Kg3 Rxf2 43. Kg4 a1=Q 44. h5 Qa4+ 45. Kg3 Rb3+ 46.
Kxf2 Qa2+ 47. Kg1 Rb1# 0-1

[Event "Live Chess"]
[Site "Chess.com"]
[Date "2023.05.21"]
[Round "-"]
[White "yeetpizza74"]
[Black "Shepherds_Pie"]
[Result "0-1"]
[WhiteElo "495"]
[BlackElo "1946"]
[TimeControl "300"]
[EndTime "3:05:25 PDT"]
[Termination "Shepherds_Pie won by checkmate"]

1. e4 e6 2. d4 d5 3. e5 c5 4. c3 Nc6 5. Bf4 Qb6 6. b3 cxd4 7. cxd4 Qxd4 8. Bb5 Qxf4 9. Bxc6+ bxc6 10. Ne2 Ba6 11. Nxf4 Be7 12. Nc3 Bb4 13. Rc1 c5 14. Nd3 Bxd3 15.
Qxd3 Rb8 16. O-O Ne7 17. Ra1 O-O 18. a3 Ba5 19. b4 cxb4 20. axb4 Bxb4 21. Rab1 a5 22. Na2 Nc6 23. Nxb4 axb4 24. Qc2 Rfc8 25. Qc5 Nxe5 26. Qd6 Nc4 27. Qe7 b3 28. Rfc1 b2 29.
Rc2 Na3 30. Qxa3 Rxc2 31. h3 h6 32. Qd3 Rc1+ 33. Rxc1 bxc1=Q+ 34. Kh2 Qf4+ 35. g3 Qxf2+ 36. Kh1 Rb2 37. Qf1 Qh2# 0-1

[Event "Live Chess"]
[Site "Chess.com"]
[Date "2023.05.21"]
[Round "-"]
[White "chessfiction"]
[Black "Purple1szed"]
[Result "1-0"]
[WhiteElo "2319"]
[BlackElo "1828"]
[TimeControl "300"]
[EndTime "3:05:27 PDT"]
[Termination "chessfiction won by resignation"]

1. e4 e5 2. d4 exd4 3. c3 dxc3 4.
Nxc3 Nc6 5. Nf3 Bb4 6. Bc4 Nf6 7. e5 d5 8. exf6 dxc4 9. Qe2+ Be6 10. fxg7 Rg8 11.
Bg5 Be7 12. Rd1 Qc8 13. Ne4 Rxg7 14. Bxe7 Kxe7 15. Nc5 b6 16. Ne4 Qe8 17. O-O Rd8 18. Ng3 Kf8 19. Rxd8 Nxd8 20. Re1 Kg8 21. Nd4 Kf8 22.
Ngf5 Rg8 23. Qe3 Nc6 24. Qh6+ 1-0

[Event "Live Chess"]
[Site "Chess.com"]
[Date "2023.05.21"]
[Round "-"]
[White "ItsNot_Jasper"]
[Black "AttackingSnowLeopard"]
[Result "1/2-1/2"]
[WhiteElo "1373"]
[BlackElo "2199"]
[TimeControl "300"]
[EndTime "3:05:39 PDT"]
[Termination "Game drawn by repetition"]

1. d4 d5 2. c4 c6 3. Nf3 Nf6 4. Nc3 Bf5 5. Qb3 Qb6 6. c5 Qxb3 7. axb3 Nbd7 8. b4 Ne4 9. e3 a6 10. Nxe4 Bxe4 11. Be2 Rc8 12. O-O Bxf3 13. Bxf3 e5 14. Re1 Be7 15. Bd2 Bf6 16. e4 O-O 17. exd5 exd4 18. dxc6 bxc6 19. Rxa6 Ne5 20. Rxe5 Bxe5 21. Bxc6 d3 22. b5 Bxb2 23. Be3 Rfd8 24. Bf3 Bd4 25. Bxd4 Rxd4 26. b6 d2 27. h3 d1=Q+ 28. Bxd1 Rxd1+ 29. Kh2 Rb1 30. c6 Kf8 31. b7 Rxc6 32. Rxc6 Rxb7 33. g4 Ke7 34. Kg3 f6 35. Rc3 g5 36. Re3+ Kf7 37.
h4 Kg6 38. h5+ Kg7 39. f3 h6 40. Ra3 Rc7 41. Ra5 Rb7 42. Rc5 Rd7 43. Rb5 Rf7 44. Rf5 Re7 45. Rd5 Re2 46. Rd7+ Kg8 47. Ra7 Rb2 48.
Ra8+ Kg7 49. Ra7+ Kg8 50. Ra8+ Kg7 51. Ra7+ Kg8 1/2-1/2

[Event "Live Chess"]
[Site "Chess.com"]
[Date "2023.05.21"]
[Round "-"]
[White "Biranidun"]
[Black "gmnorfolk"]
[Result "1-0"]
[WhiteElo "2540"]
[BlackElo "2121"]
[TimeControl "300"]
[EndTime "3:05:41 PDT"]
[Termination "Biranidun won by resignation"]

1. e4 e5 2. Nf3 Nc6 3. Bc4 Nf6 4.
Ng5 d5 5. exd5 Na5 6. Bb5+ c6 7. dxc6 bxc6 8. Bd3 Nd5 9. Nf3 Nf4 10. Bf1 Qf6 11. Nc3 Bg4 12. d3 h6 13. h3 Bh5 14.
Ne4 Qe7 15. Ng3 Bg6 16. Bd2 Nb7 17. Bc3 f6 18. Qd2 Qe6 19. Ne2 Nd5 20. g3 Nc5 21.
Bg2 Nxc3 22. Nxc3 e4 23. Nd4 Qd7 24. dxe4 O-O-O 25. O-O-O Be7 26. Nb3 Qc7 27. Qe3 Nxb3+ 28. axb3 Qa5 29. Kb1 Bc5 30. Qe2 Bf7 31. Qg4+ Kb8 32.
Qxg7 Rhf8 33. Rxd8+ Qxd8 34. Rd1 Qe7 35. Qxh6 Bxf2 36.
Qf4+ 1-0

[Event "Live Chess"]
[Site "Chess.com"]
[Date "2023.05.21"]
[Round "-"]
[White "wot-not"]
[Black "PetorPrydatko"]
[Result "1-0"]
[WhiteElo "1540"]
[BlackElo "354"]
[TimeControl "300"]
[EndTime "3:05:45 PDT"]
[Termination "wot-not won by resignation"]

1. e4 d5 2. e5 e6 3. f4 Bc5 4. Nf3 f5 5. d4 Bb4+ 6. c3 Ba5 7. Bd3 Nh6 8. Nbd2 O-O 9. Nb3 g6 10. Nxa5 b6 11. Nb3 b5 12. Be3 Nc6 13. Bxb5 Qd7 14. Ng5 Bb7 15. h3 Rae8 16. Nc5 Qd8 17. Nxb7 Qb8 18. Bxc6 Qd8 19. Nxd8 Rxd8 20. Nxe6 Rd6 21. Nxf8 Kxf8 22. Ba4 Ra6 23. Bf2 Nf7 24. Bh4 Nd6 25. exd6 cxd6 26. O-O 1-0

[Event "Live Chess"]
[Site "Chess.com"]
[Date "2023.05.21"]
[Round "-"]
[White "BJAW87"]
[Black "Pandreq"]
[Result "1-0"]
[WhiteElo "1438"]
[BlackElo "1230"]
[TimeControl "300"]
[EndTime "3:05:48 PDT"]
[Termination "BJAW87 won on time"]

1. e4 Nf6 2. e5 Nd5 3. d4 d6 4. Nf3 Nc6 5. Bb5 Bd7 6. Bxc6 Bxc6 7. c3 g6 8. O-O Bg7 9. Bg5 O-O 10. Nbd2 f6 11.
exf6 exf6 12. Bh4 Nf4 13. Qc2 Ne2+ 14. Kh1 Bh6 15. Ne4 Nf4 16. Rae1 Bxe4 17. Qxe4 f5 18. Qxb7 Qb8 19. Qxb8 Raxb8 20. b3 Nd3 21. Re7 g5 22. Nxg5 Bxg5 23. Bxg5 c5 24. dxc5 Nxc5 25. Rxa7 Ne4 26. Be3 f4 27. Bd4 Rf7 28. Rxf7 Kxf7 29. Kg1 d5 30. f3 Nd6 31. g3 Rg8 32. g4 h5 33. h3 hxg4 34. fxg4 Nf5 35. Rxf4 Ke6 36. Kf2 Nh4 37. Kg3 Ng6 38. Rf6+ Kd7 39. h4 Ne7 40. g5 Nc6 41. Kg4 Re8 42. Rf7+ Re7 43. Rxe7+ Nxe7 44. h5 Ke6 45. g6 Ng8 46. Kg5 Kd6 47. h6 1-0

[Event "Live Chess"]
[Site "Chess.com"]
[Date "2023.05.21"]
[Round "-"]
[White "lateforthesky"]
[Black "omisoc"]
[Result "0-1"]
[WhiteElo "2122"]
[BlackElo "2178"]
[TimeControl "300"]
[EndTime "3:05:52 PDT"]
[Termination "omisoc won by resignation"]

1. e4 c5 2. Nf3 d6 3. Bb5+ Bd7 4. Bxd7+ Qxd7 5. O-O Nc6 6. c3 Nf6 7. Qe2 e6 8. Rd1 Be7 9. d4 cxd4 10. cxd4 d5 11. e5 Ne4 12. Nc3 Nxc3 13. bxc3 O-O 14. Bg5 Rac8 15.
Rd3 Rc7 16. h4 Rfc8 17. h5 Bxg5 18. Nxg5 h6 19. Nh3 Qe7 20. Qg4 Nd8 21. Rg3 Qf8 22. Rc1 b5 23. a3 a5 24. Qf4 Kh8 25. Rb1 Qxa3 26. Rxb5 Rxc3 27. Rxc3 Qxc3 28. Qh4 a4 29.
Rc5 Qe1+ 30. Kh2 Ra8 31. Nf4 a3 32. Qe7 Qe4 33. Qe8+ Kh7 34. g3 a2 35. Ra5 Rxa5 36.
Qxd8 a1=Q 0-1

[Event "Live Chess"]
[Site "Chess.com"]
[Date "2023.05.21"]
[Round "-"]
[White "amazinggoalkeeper"]
[Black "zdanevych"]
[Result "0-1"]
[WhiteElo "507"]
[BlackElo "1540"]
[TimeControl "300"]
[EndTime "3:06:11 PDT"]
[Termination "zdanevych won by resignation"]

1. e4 d5 2. e5 c5 3. c4 d4 4. d3 Nc6 5. Bf4 Qb6 6. Qc2 Bf5 7. h3 e6 8. g4 Bg6 9. h4 h6 10. h5 Bh7 11. Nf3 Na5 12. g5 hxg5 13. Nxg5 Bf5 14.
Qa4+ Nc6 15. Qa3 Nh6 16. Bh3 Ng4 17. Bg2 Bxd3 18. Bxc6+ Qxc6 19. Qxd3 Qxh1+ 20. Kd2 0-1

[Event "Live Chess"]
[Site "Chess.com"]
[Date "2023.05.21"]
[Round "-"]
[White "Doge_Dandolo"]
[Black "Tiltador"]
[Result "1-0"]
[WhiteElo "1865"]
[BlackElo "845"]
[TimeControl "300"]
[EndTime "3:06:12 PDT"]
[Termination "Doge_Dandolo won on time"]

1. Nf3 Nf6 2. c4 e6 3. g3 c6 4. Bg2 d5 5. O-O Be7 6. d4 O-O 7. Qc2 dxc4 8. Qxc4 Nd5 9. e4 Nf6 10. Re1 a6 11. Nc3 b5 12. Qe2 Bb7 13. Be3 Nbd7 14.
Qc2 Bb4 15. Red1 Bxc3 16. bxc3 Qc7 17. Bf4 Qc8 18. a4 bxa4 19. Rxa4 Nb6 20. Ra5 Nc4 21. Rc5 Na3 22. Qa4 Nb5 23. Rb1 Qd7 24. Ne5 Qe7 25.
Qb4 a5 26. Qb2 a4 27. Qb4 a3 28. Rxb5 cxb5 29. Qxe7 a2 30. Ra1 Rfb8 31. Nd3 Bxe4 32.
Bxe4 Nxe4 33. Bxb8 Rxb8 34. Rxa2 Nxc3 35. Rb2 g6 36.
Ne5 Rf8 37. Qf6 h5 38. Nd3 Ne4 39. Qf4 Nc3 40. Qd2 Nd5 41. Rxb5 f5 42. Rb7 Rf7 43.
Rxf7 Kxf7 44. Ne5+ Kf6 45. h4 1-0

[Event "Live Chess"]
[Site "Chess.com"]
[Date "2023.05.21"]
[Round "-"]
[White "Tushinskiy"]
[Black "Trendle"]
[Result "1-0"]
[WhiteElo "2175"]
[BlackElo "2658"]
[TimeControl "300"]
[EndTime "3:06:14 PDT"]
[Termination "Tushinskiy won by checkmate"]

1. d4 e6 2. c3 f5 3. Nf3 Nf6 4. Bf4 Be7 5. Nbd2 O-O 6. e3 b6 7. Bd3 Bb7 8. Qe2 Nh5 9. Bg3 d6 10. O-O-O Nd7 11. Bc2 Kh8 12. h3 Nxg3 13. fxg3 Nf6 14. g4 Ne4 15. Nxe4 fxe4 16. Nd2 d5 17. g3 c5 18. h4 Rc8 19. dxc5 bxc5 20. Nxe4 Qa5 21. Ng5 d4 22. exd4 cxd4 23. Qd3 Bxg5+ 24. hxg5 Qxg5+ 25. Kb1 Bxh1 26. Qxh7# 1-0

[Event "Live Chess"]
[Site "Chess.com"]
[Date "2023.05.21"]
[Round "-"]
[White "LiamClery2020"]
[Black "JanMur7"]
[Result "1-0"]
[WhiteElo "1993"]
[BlackElo "1965"]
[TimeControl "300"]
[EndTime "3:06:22 PDT"]
[Termination "LiamClery2020 won by checkmate"]

1. e4 e5 2. Nc3 Nf6 3. f4 d5 4. fxe5 Nxe4 5. Qf3 Nxc3 6. bxc3 c5 7. Bb5+ Nc6 8. Qg3 Be6 9. Nf3 h5 10. O-O h4 11. Qf4 h3 12. g3 c4 13. Ng5 Qb6+ 14.
d4 cxd3+ 15. Be3 Bc5 16. Bxc6+ bxc6 17. Bxc5 Qxc5+ 18. Kh1 Qe7 19. cxd3 Rh5 20. Nxe6 Qxe6 21. d4 Rb8 22. Qd2 Rf5 23. Rfb1 Rxb1+ 24. Rxb1 Qg6 25. Qb2 Rf3 26. Qb8+ Ke7 27. Rb7+ Ke6 28. Qc8# 1-0

[Event "Live Chess"]
[Site "Chess.com"]
[Date "2023.05.21"]
[Round "-"]
[White "SupremeTactician"]
[Black "JamesWallman"]
[Result "1-0"]
[WhiteElo "2228"]
[BlackElo "796"]
[TimeControl "300"]
[EndTime "3:06:23 PDT"]
[Termination "SupremeTactician won by checkmate"]

1. e4 e5 2. Nf3 Nc6 3. Bb5 d6 4. O-O Nf6 5. d4 Nxe4 6. dxe5 dxe5 7. Qxd8+ Kxd8 8. Bxc6 bxc6 9. Nxe5 Bd6 10. Nxf7+ Ke7 11. Nxh8 Be6 12. Be3 Rxh8 13. Nd2 Rf8 14. Nxe4 Bf5 15.
Nxd6 cxd6 16. Rae1 Be6 17. Bg5+ Kd7 18. Re3 Rb8 19.
Rfe1 Re8 20. Rxe6 Rxe6 21. Rxe6 Kxe6 22. Be3 c5 23. Kf1 d5 24. Ke2 Ke5 25. f4+ Kd6 26.
Kf3 a5 27. g4 h6 28. f5 d4 29. Bf4+ Kd5 30. h4 c4 31. g5 hxg5 32. hxg5 a4 33. Kg4 d3 34. cxd3 cxd3 35. f6 gxf6 36. gxf6 Ke6 37.
Kg5 Kf7 38. Kf5 Kf8 39. Ke6 Ke8 40. f7+ Kf8 41. Bh6# 1-0

[Event "Live Chess"]
[Site "Chess.com"]
[Date "2023.05.21"]
[Round "-"]
[White "hopton5"]
[Black "bedsdrout"]
[Result "0-1"]
[WhiteElo "1038"]
[BlackElo "577"]
[TimeControl "300"]
[EndTime "3:06:56 PDT"]
[Termination "bedsdrout won on time"]

1. e4 e5 2. Nf3 Nc6 3. Bb5 Nd4 4.
Nxd4 Qg5 5. Nf3 Qxg2 6. Rg1 Qh3 7. Nc3 Be7 8. d4 exd4 9. Nxd4 Nf6 10. Nf3 O-O 11.
Bg5 d6 12. Rg3 Qe6 13. Qe2 d5 14. e5 d4 15. Bxf6 Bxf6 16. Bc4 Qf5 17. exf6 Qxf6 18.
Nd5 Qh6 19. Ne7+ Kh8 20. Kd1 Bd7 21. Nd5 Ba4 22. b3 Bc6 23. Ne7 Rfe8 24. Nf5 Rxe2 25. Nxh6 Rae8 26. Nxf7+ Kg8 27. Nd6+ Kf8 28. Nxe8 Kxe8 29.
Kxe2 g5 30. Re1 Kd7 31. Kd3 g4 32. Ne5+ Kd6 33. Nxc6 Kxc6 34. Rxg4 Kb6 35. Re6+ Kc5 0-1

[Event "Live Chess"]
[Site "Chess.com"]
[Date "2023.05.21"]
[Round "-"]
[White "Rusty_Bridges"]
[Black "RoaringKnights"]
[Result "1-0"]
[WhiteElo "1511"]
[BlackElo "1027"]
[TimeControl "300"]
[EndTime "3:07:04 PDT"]
[Termination "Rusty_Bridges won by checkmate"]

1. e4 d6 2. Nf3 e5 3. d4 Bg4 4. Be2 Bxf3 5. Bxf3 exd4 6. Qxd4 f6 7. O-O Nc6 8. Qd1 Nge7 9. Nc3 Ng6 10. Nd5 Be7 11. Re1 O-O 12. c3 f5 13. Be3 fxe4 14. Bxe4 Bg5 15.
Qd2 Bxe3 16. Rxe3 Qg5 17. Qe2 Nh4 18. Rg3 Qe5 19. Qg4 Rf7 20. Re1 Kh8 21. Qxh4 h6 22.
Rge3 Qg5 23. Qxg5 hxg5 24. Bg6 Rff8 25. Re8 Rfxe8 26. Rxe8+ Rxe8 27. Bxe8 Kh7 28. Bxc6 bxc6 29. Nxc7 Kg6 30. Ne6 Kf6 31. Nd4 c5 32. Nc6 a6 33. Nb8 Ke7 34. Nxa6 Kd7 35. b4 Kc6 36. c4 cxb4 37. Nxb4+ Kc5 38. Nd3+ Kxc4 39. Ne1 d5 40.
f3 d4 41. Kf2 Kc3 42. Ke2 Kb2 43. Kd3 Kxa2 44. Kxd4 Kb2 45. Ke4 Kc3 46. Kf5 Kd2 47. Kxg5 Kxe1 48. Kg6 Kf2 49. f4 Kxg2 50. f5 Kxh2 51.
Kxg7 Kg3 52. f6 Kf4 53. f7 Ke5 54. f8=Q Kd4 55. Qd6+ Ke4 56. Kf6 Ke3 57. Qb4 Kd3 58. Ke5 Ke3 59. Qd4+ Ke2 60. Qc3 Kf1 61. Ke4 Kg1 62.
Kf3 Kh1 63. Qd2 Kg1 64. Qg2# 1-0

[Event "Live Chess"]
[Site "Chess.com"]
[Date "2023.05.21"]
[Round "-"]
[White "Ian-Morley"]
[Black "chessfiction"]
[Result "0-1"]
[WhiteElo "1073"]
[BlackElo "2319"]
[TimeControl "300"]
[EndTime "3:07:20 PDT"]
[Termination "chessfiction won by resignation"]

1. e4 d5 2. exd5 c6 3. dxc6 e5 4. cxb7 Bxb7 5. f3 Bc5 6. Bb5+ Nc6 7. Nc3 Qb6 8. Bxc6+ Bxc6 9. Ne4 Bxe4 10. fxe4 Bxg1 11.
Qe2 Bc5 12. d3 Nf6 13. b3 Bd4 14. Rb1 Qa5+ 15. Bd2 Qxa2 16. Qd1 O-O 17. Ra1 Qxa1 0-1

[Event "Live Chess"]
[Site "Chess.com"]
[Date "2023.05.21"]
[Round "-"]
[White "EdenHazard8"]
[Black "RockTroll"]
[Result "0-1"]
[WhiteElo "1963"]
[BlackElo "2234"]
[TimeControl "300"]
[EndTime "3:07:47 PDT"]
[Termination "RockTroll won by resignation"]

1. e4 d5 2. exd5 Qxd5 3. Nc3 Qd8 4. d4 Nf6 5. Nf3 Bg4 6. Bd3 c6 7. Ne2 Bxf3 8. gxf3 e6 9. c3 Nbd7 10. Rg1 g6 11.
Be3 Bg7 12. Qd2 Nd5 13. Bh6 Bxh6 14. Qxh6 Qb6 15. O-O-O O-O-O 16. Nf4 Nxf4 17. Qxf4 Qa5 18. Kb1 Rhf8 19. Qh4 h5 20. Rg5 Qa4 21. Re1 Nb6 22. Rc5 Rd5 23. Qe7 Rfd8 24. b3 Rxc5 25. Qxc5 Nd7 26.
bxa4 Nxc5 27. Bxg6 Nxa4 28. Bxf7 Nxc3+ 29. Kb2 Nb5 30. Bxe6+ Kc7 31. Bf7 Rxd4 32. Bxh5 Rd2+ 33. Kb3 Rxf2 34. h4 Nd4+ 35. Kc4 Nxf3 36. Re7+ Kd6 37. Rxb7 Ne5+ 38. Kb3 a5 39. Rh7 Kc5 40. Be8 Rf3+ 41.
Kb2 Nc4+ 42. Kc2 Rf2+ 43. Kd3 Ne5+ 44. Ke4 Re2+ 45. Kf4 Nd3+ 46. Kf3 Rxe8 0-1